 Dungeon Crawl Stone Soup version 0.30.1-3-gfc49f6343a (webtiles) character file.

Game seed: 10628694293548728975

7698 Peloso the Carver (level 11, -3/97 HPs)
             Began as a Minotaur Fighter on Aug 9, 2023.
             Was a High Priest of Okawaru.
             Slain by an orc knight
             ... wielding a +0 glaive
              (5 damage)
             ... in a bailey.
             The game lasted 00:17:50 (9416 turns).

Peloso the Carver (Minotaur Fighter)                Turns: 9416, Time: 00:17:51

Health: -3/97      AC: 20    Str: 23    XL:     11   Next: 0%
Magic:  9/10       EV:  9    Int:  5    God:    Okawaru [*****.]
Gold:   472        SH:  7    Dex: 12    Spells: 10/10 levels left

rFire   . . .        a - +1 long sword (heavy)
rCold   . . .        d - +0 buckler
rNeg    + . .        D - +1 plate armour {rPois}
rPois   +            (helmet restricted)
rElec   .            g - scarf {repulsion}
rCorr   .            B - +0 pair of gloves
SInv    .            (no boots)
Will    .....        (no amulet) Stlth
                     l - ring of poison resistance
HPRegen 0.36/turn    o - ring of positive energy
MPRegen 0.12/turn

%: repel missiles
@: mighty, heroic
A: horns 2, retaliatory headbutt
a: Renounce Religion, Heroism, Finesse, Duel


You were in a bailey.
You worshipped Okawaru.
Okawaru was extremely pleased with you.
You visited 1 branch of the dungeon, and saw 9 of its levels.
You also visited: Sewer and Bailey.

You collected 472 gold pieces.

Inventory:

Hand Weapons
 a - a +1 heavy long sword (weapon)
 b - a +3 scimitar
 c - the +1 dagger of Armageddon {flame, *Corrode rPois rF++ Str+4}
   (You took it off a gnoll on level 7 of the Dungeon)

   Str:       It affects your strength (+4).
   rF:        It greatly protects you from fire.
   rPois:     It protects you from poison.
   *Corrode:  It may corrode you when you take damage.
Armour
 d - a +0 buckler (worn)
 g - a scarf of repulsion (worn)
 B - a +0 pair of gloves (worn)
 D - a +1 plate armour of poison resistance (worn)
 O - a +0 cloak
 P - +0 swamp dragon scales
Jewellery
 l - a ring of poison resistance (left hand)
 o - a ring of positive energy (right hand)
 F - a +6 ring of dexterity
 H - a ring of wizardry
 L - an amulet of guardian spirit
Wands
 r - a wand of roots (3)
 t - a wand of polymorph (9)
 N - a wand of flame (3)
Scrolls
 h - a scroll of blinking {unknown}
 i - 8 scrolls of teleportation
 j - a scroll of noise
 k - 2 scrolls of enchant armour
 m - a scroll of amnesia
 n - a scroll of acquirement
 p - 2 scrolls of enchant weapon
 s - a scroll of poison
 v - 2 scrolls of brand weapon
 y - a scroll of fear
 G - 2 scrolls of fog
 I - a scroll of butterflies {unknown}
 M - a scroll of magic mapping {unknown}
Potions
 e - 3 potions of might
 q - a potion of cancellation
 u - 3 potions of lignification
 w - 4 potions of curing
 x - a potion of flight
 z - a potion of ambrosia
 A - 2 potions of mutation {unknown}
 C - 4 potions of brilliance {unknown}
 E - a potion of haste
 J - a potion of berserk rage {unknown}
 K - a potion of magic {unknown}


   Skills:
 + Level 9.1(14.1) Fighting
 + Level 12.7(17.7) Long Blades
 + Level 11.3(16.3) Armour
 + Level 1.4(6.4) Dodging
 + Level 1.0(6.0) Stealth
 + Level 8.7(13.7) Shields
 + Level 0.8 Invocations
 + Level 0.3 Evocations


You had 10 spell levels left.
You didn't know any spells.
Your spell library contained the following spells:

 Spells                   Type           Power      Damage    Failure   Level
 Freeze                   Ice            0%         1d3       99%         1
 Blink                    Tloc           0%         N/A       100%        2
 Cigotuvi's Dreadful Rot  Necr/Pois/Air  0%         N/A       100%        2
 Lesser Beckoning         Tloc           0%         N/A       100%        2
 Momentum Strike          Conj/Tloc      0%         3d8       100%        2
 Frozen Ramparts          Ice            0%         1d1       100%        3
 Hailstorm                Conj/Ice       0%         3d3       100%        3
 Volatile Blastmotes      Fire/Tloc      0%         2d10      100%        3
 Dispel Undead            Necr           0%         3d6       100%        4
 Fulminant Prism          Conj/Hex       0%         3d5       100%        4
 Iskenderun's Mystic Bla  Conj/Tloc      0%         2d3       100%        4
 Lee's Rapid Deconstruct  Erth           0%         3d4*      100%        5
 Death Channel            Necr           Unusable   N/A       N/A         6

Dungeon Overview and Level Annotations

Branches:
Dungeon (9/15)             Temple (0/1) D:4           Sewer (visited)
 Bailey (1/1)
   Lair: D:8-11         Orc: D:9-12

Altars:
Ashenzari
Dithmenos
Elyvilon
Hepliaklqana
Okawaru
Zin

Shops:
D:2 *[=   D:3 (   D:4 !

Annotations:
D:2 1 runed translucent door, Crazy Yiuf


Innate Abilities, Weirdness & Mutations

You have a pair of horns on your head.
You reflexively headbutt those who attack you in melee.


Message History

The orc knight roars a battlecry!
The orcs go into a battle-frenzy!
Found 3 scrolls of enchant weapon and a manual of Fighting.
There is an open gate here.
There is an open door here.
Things that are here:
a +0 halberd; a +0 scale mail You gain the combat prowess of a mighty hero.
The orc knight hits you but does no damage.
The orc knight hits you but does no damage.
The orc warrior hits you from afar with a +0 bardiche!!
There is an open door, spattered with blood here.
You closely miss the orc knight.
The orc knight hits you with a +0 glaive.
The orc warrior barely misses you.
You feel very mighty all of a sudden.
The orc knight hits you but does no damage.
The orc warrior closely misses you.
You closely miss the orc knight. You headbutt the orc knight.
The orc knight is lightly wounded.
The orc knight closely misses you.
The orc warrior hits you from afar with a +0 bardiche!!
The orc knight hits you but does no damage.
The orc warrior hits you from afar with a +0 bardiche!
You slash the orc knight!
The orc knight is lightly wounded.
The orc warrior no longer looks unusually strong.
The orc knight roars a battlecry!
The orc warrior goes into a battle-frenzy!
The orc warrior closely misses you.
You closely miss the orc knight. You headbutt the orc knight.
The orc knight is moderately wounded.
The orc knight hits you with a +0 glaive!!
* * * LOW HITPOINT WARNING * * *
The orc warrior hits you from afar with a +0 bardiche!
* * * LOW HITPOINT WARNING * * *
You slice the orc knight!!
The orc knight is heavily wounded.
The orc knight hits you with a +0 glaive.
You die...

))...................)...#≈....
#)∩#≈...............≈#∩.##≈....
#)##≈....#######....≈##.#≈≈....
≈.≈≈≈....##....##...≈≈≈.≈≈.....
.........##...o.##.............
.........##'''#o.##............
.....##..##∩)o##.o#............
.....##.####o####o##...........
.....##.')#.o.#)@.##...........
.....##.###.8.###.##...........
.....##.')#:o?#)'.##...........
.....##.#########.##...........
......#..##)#.##..#............
......##..#'#'#..##............
.......##.......##.............
≈.≈≈≈...#########...≈≈≈.≈≈.....
#.##≈......###......≈##)#≈≈....


You could see an orc knight and an orc warrior (strong).

Vanquished Creatures
  2 two-headed ogres (D:9)
  Maurice (D:8)
  2 unseen horror zombies (D:8)
  8 yaks
  A wyvern (D:8)
  A steam dragon (D:9)
  A water moccasin (D:5)
  2 black bears
  12 orc warriors
  Pargi (D:2)
  4 sky beasts
  2 ogres
  A phantom (D:6)
  2 bullfrogs
  A kobold brigand (D:6)
  2 scorpions (D:5)
  10 wights
  10 killer bees
  3 howler monkeys
  2 centaur zombies (D:8)
  A hound (D:6)
  3 jellies
  2 orc priests
  A sleepcap (D:3)
  A gnoll bouda (D:7)
  3 iguanas
  4 orc wizards
  Ijyb (D:3)
  Terence (D:2)
  A hell rat (Sewer)
  2 killer bee zombies (D:8)
  Robin (D:3)
  3 gnolls (D:7)
  3 adders
  A river rat (Sewer)
  A shadow imp (D:5)
  2 white imps
  2 ufetubi
  A worm (D:4)
  A dart slug (D:3)
  31 orcs
  8 endoplasms
  7 giant cockroaches
  19 goblins
  12 hobgoblins
  7 jackals
  6 quokkas
  5 ball pythons
  2 bats
  7 frilled lizards
  7 kobolds
  12 rats
226 creatures vanquished.

Notes
Turn   | Place    | Note
-------+----------+-------------------------------------------
     0 | D:1      | Peloso the Minotaur Fighter began the quest for the Orb.
     0 | D:1      | Reached XP level 1. HP: 19/19 MP: 0/0
   180 | D:1      | Reached XP level 2. HP: 24/27 MP: 1/1
   320 | D:1      | Reached skill level 3 in Long Blades
   424 | D:1      | Reached XP level 3. HP: 33/33 MP: 2/2
   823 | D:2      | Found Bouw's Jewellery Boutique.
  1234 | D:2      | Found a runed translucent door.
  1235 | D:2      | Noticed Crazy Yiuf
  1398 | D:2      | Found Suupraebla's General Store.
  1572 | D:2      | Noticed Terence
  1582 | D:2      | Killed Terence
  1583 | D:2      | Reached XP level 4. HP: 26/40 MP: 3/3
  1643 | D:2      | Found Mazuohi's Armour Emporium.
  1915 | D:3      | Noticed Ijyb
  1917 | D:3      | Noticed Pargi
  1955 | D:2      | Killed Pargi
  1956 | D:2      | Reached skill level 5 in Long Blades
  1956 | D:2      | Reached XP level 5. HP: 42/46 MP: 4/4
  1974 | D:3      | Killed Ijyb
  1975 | D:3      | Reached skill level 5 in Armour
  2026 | D:3      | Found a broken altar of Ashenzari.
  2148 | D:3      | Noticed Robin
  2157 | D:3      | Killed Robin
  2213 | D:3      | Reached XP level 6. HP: 43/52 MP: 5/5
  2262 | D:3      | Found Jovityas's Weapon Shoppe.
  2796 | D:4      | Found an iron altar of Okawaru.
  2803 | D:4      | Became a worshipper of Warmaster Okawaru
  2942 | D:4      | Found a glowing drain.
  2981 | Sewer    | Entered a sewer
  3016 | Sewer    | HP: 2/49 [hell rat (2)]
  3512 | Sewer    | Reached skill level 6 in Long Blades
  3599 | D:4      | Found a glowing silver altar of Zin.
  3669 | D:4      | Found Iruegath's Distillery.
  3813 | D:4      | Found a staircase to the Ecumenical Temple.
  4022 | D:5      | Entered Level 5 of the Dungeon
  4141 | D:5      | Noticed a water moccasin
  4153 | D:5      | Killed a water moccasin
  4154 | D:5      | Reached skill level 5 in Shields
  4154 | D:5      | Reached XP level 7. HP: 51/60 MP: 6/6
  4157 | D:5      | Reached * piety under Okawaru
  4316 | D:4      | Reached skill level 7 in Long Blades
  4670 | D:6      | Reached skill level 5 in Fighting
  4822 | D:6      | Reached skill level 1 in Dodging
  4822 | D:6      | Reached XP level 8. HP: 66/68 MP: 7/7
  4863 | D:6      | Reached ** piety under Okawaru
  5190 | D:6      | Found a shadowy altar of Dithmenos.
  5291 | D:6      | Found a white marble altar of Elyvilon.
  5528 | D:6      | Reached skill level 8 in Long Blades
  5884 | D:7      | Reached skill level 9 in Long Blades
  6248 | D:7      | Reached *** piety under Okawaru
  6249 | D:7      | Reached XP level 9. HP: 45/75 MP: 8/8
  6365 | D:7      | Identified the +1 dagger of Armageddon {flame, *Corrode
                  | rPois rF++ Str+4}
  6685 | D:7      | Reached skill level 10 in Long Blades
  7352 | D:8      | Reached skill level 11 in Long Blades
  7370 | D:8      | Reached **** piety under Okawaru
  7371 | D:8      | Reached skill level 1 in Stealth
  7497 | D:8      | Found a hazy altar of Hepliaklqana.
  7508 | D:8      | Reached XP level 10. HP: 67/88 MP: 9/9
  7669 | D:8      | Reached skill level 10 in Armour
  7831 | D:8      | Noticed Maurice
  7844 | D:8      | Killed Maurice
  8487 | D:9      | Noticed a two-headed ogre
  8496 | D:9      | Killed a two-headed ogre
  8496 | D:9      | Reached ***** piety under Okawaru
  8497 | D:9      | Reached skill level 12 in Long Blades
  8528 | D:9      | Noticed a two-headed ogre
  8541 | D:9      | Killed a two-headed ogre
  8654 | D:9      | Found a flagged portal.
  8784 | Bailey   | Entered a bailey
  9303 | Bailey   | Identified a scroll of acquirement
  9362 | Bailey   | Reached XP level 11. HP: 85/97 MP: 10/10
  9401 | Bailey   | Noticed an orc knight
  9415 | Bailey   | HP: 2/97 [orc warrior/+0 bardiche (7)]
  9416 | Bailey   | Slain by an orc knight

Illustrated notes

Levels and vault maps discovered:
D:1:      sevenhm_arrival_forest_fort_small_4, layout_basic, patterned_corridor
D:2:      layout_loops_ring, serial_shops, nicolae_shop_waterfront,
          nicolae_shop_statue_plus, nicolae_lakefront_shop, nrook_uturn,
          eino_tiny_chamber, uniq_crazy_yiuf_cottage, uniq_terence
D:3:      layout_basic, evilmike_ruin_ashenzari, serial_forest,
          infiniplex_forest_end_1, infiniplex_forest_lined_room_2,
          infiniplex_forest_clump_medium, infiniplex_forest_lined_3,
          infiniplex_forest_straight_2, infiniplex_forest_lined_4_way,
          infiniplex_forest_lined_3, serial_shops,
          nicolae_shop_pleasant_corner_grove, uniq_ijyb, uniq_pargi, uniq_robin
D:4:      layout_basic, lemuel_tele_altar, okawaru_trees_1,
          lemuel_temple_firewalk_b, portal_sewer_entry_f, nicolae_stop_n_shop_2
D:5:      layout_cave_pools
D:6:      layout_basic, mainiacjoe_overflow_small_starburst,
          mainiacjoe_overflow_six_doors_small, chequers_serial_rivers_micro_c
D:7:      layout_basic
D:8:      layout_basic, mainiacjoe_overflow_cross_hatched, serial_undead,
          serial_undead_b, serial_undead_e, serial_undead_a, serial_undead_f,
          serial_undead_e, serial_undead_b, serial_undead_d, uniq_maurice
D:9:      layout_stronghold, lemuel_zombie_altar_yredelemnul,
          kennysheep_slug_shrine, orc_0_dummy, enter_bailey_5,
          kennysheep_generic_room_6, uniq_psyche
Bailey:   bailey_polearm_2, bailey

Skill      XL: |  1  2  3  4  5  6  7  8  9 10 |
---------------+-------------------------------+-----
Armour         | 4 5 7 8 9 11 | 11.3
Shields        | 4 5 6 7 8 |  8.7
Long Blades    | 3 5 6 7 9 11 12 | 12.7
Fighting       | 4 5 6 7 9 |  9.1
Dodging        | 1 |  1.4
Stealth        | 1 |  1.0
Invocations    | |  0.8
Evocations     | |  0.3

Action                     |  1- 3 |  4- 6 |  7- 9 | 10-12 || total
---------------------------+-------+-------+-------+-------++-------
  Melee: Long sword        |   104 |   124 |   269 |   184 ||   681
         Headbutt          |     9 |    20 |    46 |    27 ||   102
 Invoke: Heroism           |       |       |     1 |     4 ||     5
  Evoke: Wand              |       |       |       |     2 ||     2
    Use: Potion            |     3 |       |       |     1 ||     4
         Scroll            |     4 |       |       |    10 ||    14
 Armour: Plate armour      |    64 |   128 |   204 |   132 ||   528
         Scale mail        |     6 |       |       |       ||     6
  Dodge: Dodged            |    25 |    40 |   102 |    93 ||   260
         Repelled          |       |       |       |     2 ||     2
  Block: Buckler           |    32 |    38 |    90 |    87 ||   247
